 Dungeon Crawl Stone Soup version 0.21.1-1-g345015f (webtiles) character file.

282 empire the Ducker (level 6, -2/50 HPs)
             Began as a Gnoll Gladiator on Apr 12, 2018.
             Killed from afar by an orc wizard (10 damage)
             ... with a puff of frost
             ... on level 4 of the Dungeon.
             The game lasted 00:07:56 (3007 turns).

empire the Ducker (Gnoll Gladiator)                 Turns: 3007, Time: 00:07:57

Health: -2/50      AC:  4    Str: 18    XL:     6   Next: 28%
Magic:  8/8        EV: 16    Int:  7    God:
Gold:   144        SH:  0    Dex: 16    Spells: 8/8 levels left

rFire    . . .     SeeInvis .   a - +1 long sword
rCold    . . .     Gourm    .   (no shield)
rNeg     . . .     Faith    .   b - +0 leather armour
rPois    .         Spirit   .   c - +0 helmet
rElec    .         Reflect  .   (no cloak)
rCorr    .         Harm     .   (no gloves)
MR       .....                  (no boots)
Stlth    ++........             (no amulet)
HPRegen  0.16/turn              i - -4 ring of intelligence
MPRegen  0.11/turn              (no ring)

@: lethally poisoned (-2 -> -3)
A: distributed training, fangs 1, strong nose
a: no special abilities


You were on level 4 of the Dungeon.
You were not hungry.

You visited 1 branch of the dungeon, and saw 4 of its levels.

You collected 144 gold pieces.

Inventory:

Hand Weapons
 a - a +1 long sword (weapon)
Missiles
 d - 2 throwing nets
 q - a tomahawk (quivered)
Armour
 b - a +0 leather armour (worn)
 c - a +0 helmet (worn)
Jewellery
 i - a -4 ring of intelligence (left hand)
 n - a +1 ring of protection {unknown}
 p - an uncursed ring of positive energy {unknown}
 t - an uncursed ring of protection from magic {unknown}
Wands
 e - a wand of polymorph (16)
Scrolls
 h - 4 scrolls of amnesia
 k - 3 scrolls of remove curse
Comestibles
 f - 4 rations
 g - a chunk of flesh


   Skills:
 + Level 4.9 Fighting
 + Level 1.8 Short Blades
 + Level 6.8 Long Blades
 + Level 1.8 Axes
 + Level 1.8 Maces & Flails
 + Level 1.8 Polearms
 + Level 1.8 Staves
 + Level 1.8 Slings
 + Level 1.8 Bows
 + Level 1.8 Crossbows
 + Level 4.9 Throwing
 + Level 1.8 Armour
 + Level 6.8 Dodging
 + Level 1.8 Stealth
 + Level 1.8 Shields
 + Level 1.8 Unarmed Combat
 + Level 1.8 Spellcasting
 + Level 1.4 Conjurations
 + Level 1.4 Hexes
 + Level 1.4 Charms
 + Level 1.4 Summonings
 + Level 1.4 Necromancy
 + Level 1.4 Translocations
 + Level 1.4 Transmutations
 + Level 1.4 Fire Magic
 + Level 1.4 Ice Magic
 + Level 1.4 Air Magic
 + Level 1.4 Earth Magic
 + Level 1.4 Poison Magic
 + Level 2.0 Invocations
 + Level 1.8 Evocations


You had 8 spell levels left.
You didn't know any spells.

Dungeon Overview and Level Annotations

Branches:
Dungeon (4/15)
 Temple: D:4-7

Altars:
Ashenzari
Fedhas
Nemelex Xobeh
Sif Muna
Xom
Zin

Shops:
D:2 *


Innate Abilities, Weirdness & Mutations

Your experience applies equally to all skills.
You have very sharp teeth.
Your uncanny sense of smell can sniff out nearby items.


Message History

The orc wizard gestures wildly while chanting.
The orc wizard flickers and vanishes!
Deactivating autopickup; reactivate with Ctrl-A.
The orc misses you.
A gnoll comes into view. It is wielding a spear.
A giant cockroach comes into view.
You feel sick.
You hear some strange, mumbled words.
Some of the chunks of flesh in your inventory have rotted away.
As you read the scroll labeled WEAPRA XAZAN, it crumbles to dust.
It is a scroll of enchant weapon.
Your +0 long sword glows red for a moment.
The orc barely misses you.
You riposte.
You hit the orc but do no damage. You bite the orc, but do no damage.
As you read the scroll labeled ZUSEPS CYUTI, it crumbles to dust.
You feel aware of your surroundings.
You sensed 1 altar, and 1 shop/portal.
It was a scroll of magic mapping.
The orc misses you.
A puff of frost appears from out of thin air!
The puff of frost hits you!
You die...

,,,,,,,*,***,*,* *,,,,##+#*,,*
,,,,,,,,,.s,,..* *...,#..+,,,,
,,,,,*,*g###,#.######...,#..#,,,,
,,,,,*,*.#?#.#..#........#..#*,,,
,,,,,*,*,###.#..#........#..#*,,*
,,,,,*,,,,....[.#........#..#####
,,,,,*,*,###.#..#........#..)...'
,,,,,*,,,................##'##..#
,,,,,*,,*,,,+..o@............#..#
,,,,,*,,,+,,#..)o............#..#
,,,,,*,,***##................#..+
,,,,,*,,#............####....#..#
,,,,,*,,#..o.#+##....# #....#..#
,,,,,*,,+..o.',,#...)# #....#..#
,,,,,*+*#...,*,,#....# #....#,,#
'*,,,,,.....,*,,#....# #....#,,#
,*,,,,,....,,*,,#..).# #....#,,#


You could see 4 orcs and a giant cockroach.

Vanquished Creatures
  A scorpion (D:4)
  4 orc wizards
  2 adders (D:2)
  3 dart slugs
  4 leopard geckos
  13 orcs
  3 ball pythons
  4 bats
  2 giant cockroaches
  8 goblins
  8 hobgoblins
  9 jackals
  A frilled lizard (D:1)
  6 kobolds
  7 rats
75 creatures vanquished.

Vanquished Creatures (others)
  5 dream sheep (D:3)
  2 orcs (D:4)
7 creatures vanquished.

Grand Total: 82 creatures vanquished

Notes
Turn   | Place    | Note
-------+----------+-------------------------------------------
     0 | D:1      | empire the Gnoll Gladiator began the quest for the Orb.
     0 | D:1      | Reached XP level 1. HP: 20/20 MP: 1/1
    93 | D:1      | Reached XP level 2. HP: 21/26 MP: 2/2
   316 | D:1      | Found a sparkling altar of Nemelex Xobeh.
   378 | D:1      | Reached XP level 3. HP: 31/31 MP: 3/3
   717 | D:2      | Found a shattered altar of Ashenzari.
   765 | D:2      | Found Zin's Purification Station.
   774 | D:2      | Found a glowing silver altar of Zin.
   794 | D:2      | Reached skill level 1 in Invocations
   965 | D:2      | Reached skill level 1 in Short Blades
   965 | D:2      | Reached skill level 1 in Axes
   965 | D:2      | Reached skill level 1 in Maces & Flails
   965 | D:2      | Reached skill level 1 in Polearms
   965 | D:2      | Reached skill level 1 in Staves
   965 | D:2      | Reached skill level 1 in Slings
   965 | D:2      | Reached skill level 1 in Bows
   965 | D:2      | Reached skill level 1 in Crossbows
   965 | D:2      | Reached skill level 1 in Armour
   965 | D:2      | Reached skill level 1 in Stealth
   965 | D:2      | Reached skill level 1 in Shields
   965 | D:2      | Reached skill level 1 in Unarmed Combat
   965 | D:2      | Reached skill level 1 in Spellcasting
   965 | D:2      | Reached skill level 1 in Evocations
  1061 | D:2      | Reached XP level 4. HP: 38/38 MP: 5/5
  1549 | D:3      | Found a shimmering altar of Xom.
  1549 | D:3      | Noticed a dream sheep
  1549 | D:3      | Noticed a dream sheep
  1549 | D:3      | Noticed a dream sheep
  1549 | D:3      | Noticed a dream sheep
  1549 | D:3      | Noticed a dream sheep
  1553 | D:3      | Killed a dream sheep
  1553 | D:3      | Killed a dream sheep
  1553 | D:3      | Killed a dream sheep
  1553 | D:3      | Killed a dream sheep
  1553 | D:3      | Killed a dream sheep
  1758 | D:3      | Reached skill level 1 in Conjurations
  1758 | D:3      | Reached skill level 1 in Hexes
  1758 | D:3      | Reached skill level 1 in Charms
  1758 | D:3      | Reached skill level 1 in Summonings
  1758 | D:3      | Reached skill level 1 in Necromancy
  1758 | D:3      | Reached skill level 1 in Translocations
  1758 | D:3      | Reached skill level 1 in Transmutations
  1758 | D:3      | Reached skill level 1 in Fire Magic
  1758 | D:3      | Reached skill level 1 in Ice Magic
  1758 | D:3      | Reached skill level 1 in Air Magic
  1758 | D:3      | Reached skill level 1 in Earth Magic
  1758 | D:3      | Reached skill level 1 in Poison Magic
  1758 | D:3      | Reached XP level 5. HP: 21/43 MP: 6/6
  1868 | D:3      | Found a deep blue altar of Sif Muna.
  2536 | D:3      | Found a blossoming altar of Fedhas.
  2787 | D:4      | Reached XP level 6. HP: 31/50 MP: 8/8
  3007 | D:4      | Killed from afar by an orc wizard

Skill      XL: |  1  2  3  4  5  6 |
---------------+-------------------+-----
Invocations    | 1 2 |  2.0
Short Blades   | 1 |  1.8
Axes           | 1 |  1.8
Maces & Flails | 1 |  1.8
Polearms       | 1 |  1.8
Staves         | 1 |  1.8
Slings         | 1 |  1.8
Bows           | 1 |  1.8
Crossbows      | 1 |  1.8
Armour         | 1 |  1.8
Stealth        | 1 |  1.8
Shields        | 1 |  1.8
Unarmed Combat | 1 |  1.8
Spellcasting   | 1 |  1.8
Evocations     | 1 |  1.8
Conjurations   | 1 |  1.4
Hexes          | 1 |  1.4
Charms         | 1 |  1.4
Summonings     | 1 |  1.4
Necromancy     | 1 |  1.4
Translocations | 1 |  1.4
Transmutations | 1 |  1.4
Fire Magic     | 1 |  1.4
Ice Magic      | 1 |  1.4
Air Magic      | 1 |  1.4
Earth Magic    | 1 |  1.4
Poison Magic   | 1 |  1.4
Fighting       | |  4.9
Long Blades    | |  6.8
Throwing       | |  4.9
Dodging        | |  6.8

Action                   |  1- 3 |  4- 6 || total
-------------------------+-------+-------++-------
Melee: Long sword        |    91 |   119 ||   210
       Bite              |    13 |    20 ||    33
       Punch             |       |     3 ||     3
Throw: Tomahawk          |       |     6 ||     6
       Throwing net      |       |     4 ||     4
  Use: Scroll            |     3 |     5 ||     8
       Potion            |       |     7 ||     7
 Stab: Sleeping          |     5 |       ||     5
       Invisible         |       |     3 ||     3
  Eat: Chunk             |       |     4 ||     4
       Ration            |       |     1 ||     1
Armor: Leather armour    |    18 |    15 ||    33
       Skin              |       |    22 ||    22
Dodge: Dodged            |    70 |    66 ||   136
       Rpst.: Long sword |    24 |    20 ||    44
